 Dungeon Crawl Stone Soup version 0.29-a0-1008-g949cc1d0fb (webtiles) character file.

Game seed: 12637146094764229399

25 concernfroge the Trooper (level 2, 0/25 HPs)
             Began as a Mummy Monk on Aug 7, 2022.
             Slain by a gnoll
             ... wielding a +0 whip
              (8 damage)
             ... on level 2 of the Dungeon.
             The game lasted 00:02:35 (1457 turns).

concernfroge the Trooper (Mummy Monk)               Turns: 1457, Time: 00:02:35

Health: 0/25       AC:  6    Str: 14    XL:     2   Next: 82%
Magic:  2/2        EV:  9    Int:  9    God:
Gold:   79         SH:  0    Dex: 14    Spells: 1/1 levels left

rFire   x . .      SeeInvis .   a - +0 spear
rCold   + . .      Faith    .   (no shield)
rNeg    + + +      Spirit   .   h - +0 scale mail
rPois   ∞          Reflect  .   (no helmet)
rElec   .          Harm     .   (no cloak)
rCorr   .          Rampage  .   (no gloves)
Will    .....                   (no boots)
Stlth   ..........              (no amulet)
HPRegen 0.08/turn               g - ring of flight
MPRegen 0.08/turn               (no ring)

@: flying
A: cold resistance 1, negative energy resistance 3, torment resistance 2, heat
vulnerability 1, no potions
a: no special abilities


You were on level 2 of the Dungeon.
You visited 1 branch of the dungeon, and saw 2 of its levels.

You collected 79 gold pieces.

Inventory:

Hand Weapons
 a - a +0 spear (weapon)
Armour
 h - a +0 scale mail (worn)
Jewellery
 d - a ring of ice
 g - a ring of flight (left hand)
Scrolls
 e - a scroll of identify {unknown}
 f - a scroll of immolation {unknown}
 i - 2 scrolls of enchant armour {unknown}


   Skills:
 + Level 4.1 Fighting
 - Level 2.4 Polearms
 - Level 2.4 Dodging
 - Level 1.5 Stealth


You had one spell level left.
You didn't know any spells.
Your spell library was empty.

Dungeon Overview and Level Annotations

Branches:
Dungeon (2/15)

Altars:

Shops:
D:1 [*!


Innate Abilities, Weirdness & Mutations

You are immune to poison.
Your flesh is cold resistant. (rC+)
You are immune to negative energy. (rN+++)
You are immune to unholy pain and torment.
You are vulnerable to heat. (rF-)
You do not drink.


Message History

You completely miss the gnoll.
The gnoll is moderately wounded.
The gnoll hits you with a +0 whip.
You hit the gnoll but do no damage.
The gnoll is moderately wounded.
The gnoll hits you with a +0 whip.
You barely miss the gnoll.
The gnoll is moderately wounded.
The gnoll hits you but does no damage.
You hit the gnoll.
The gnoll is moderately wounded.
The gnoll barely misses you.
You barely miss the gnoll.
The gnoll is moderately wounded.
The gnoll hits you but does no damage.
You hit the gnoll.
The gnoll is heavily wounded.
You closely miss the gnoll.
The gnoll is heavily wounded.
The gnoll hits you with a +0 whip.
You hit the gnoll.
The gnoll is heavily wounded.
The gnoll hits you but does no damage.
You barely miss the gnoll.
The gnoll is heavily wounded.
The gnoll misses you.
You closely miss the gnoll.
The gnoll is heavily wounded.
The gnoll hits you with a +0 whip.
* * * LOW HITPOINT WARNING * * *
You hit the gnoll but do no damage.
The gnoll is heavily wounded.
The gnoll hits you but does no damage.
You hit the gnoll but do no damage.
The gnoll is heavily wounded.
The gnoll barely misses you.
You hit the gnoll.
The gnoll is severely wounded.
The gnoll hits you with a +0 whip!
You die...

########### #.........#
### #.........####
#########..
#...........>###..........
########.........#######'#
#.....##..# #.#
#.....###.# #####.#
#######..g..# #.# #...'.'
#.......@...# #.# #.###.#
#.....(..#### #.# #.# #.#
#........# #.###†###.#
#........# #.'........
#........# #.###'###.#
#####.....# #.# #.# #.#
#..##.# #.# #.###.# ....
.# ..# #...'.' ..... ..
..# #####.#


You could see a gnoll.

Vanquished Creatures
  A worm (D:2)
  4 endoplasms
  2 giant cockroaches
  A hobgoblin (D:2)
  2 jackals (D:1)
  A ball python (D:1)
  A bat (D:1)
  3 goblins (D:1)
  3 kobolds
  2 rats
20 creatures vanquished.

Notes
Turn   | Place    | Note
-------+----------+-------------------------------------------
     0 | D:1      | concernfroge the Mummy Monk began the quest for the Orb.
     0 | D:1      | Reached XP level 1. HP: 18/18 MP: 1/1
   423 | D:1      | Found Asishro's Distillery.
   432 | D:1      | Reached XP level 2. HP: 24/24 MP: 2/2
   475 | D:1      | Found Zeajif's Antique Armour Emporium.
   564 | D:1      | Found Uniwusu's Assorted Antiques.
  1110 | D:2      | Reached skill level 4 in Fighting
  1457 | D:2      | Slain by a gnoll

Illustrated notes

Levels and vault maps discovered:
D:1:      amcnicky_arrival_flooded_fountain, layout_basic, serial_shops, shop,
          nicolae_shop_advertising_works [nicolae_subvault_shop_adworks], shop
D:2:      layout_basic, basic_altar, minmay_door_square

Skill      XL: |  1  2 |
---------------+-------+-----
Fighting       | 4 |  4.1
Polearms       | |  2.4
Dodging        | |  2.4
Stealth        | |  1.5

Action                   || total
-------------------------++-------
Melee: Spear             ||   101
       Punch             ||     1
  Use: Scroll            ||     2
 Stab: Sleeping          ||     4
Armor: Robe              ||     8
       Scale mail        ||    17
Dodge: Dodged            ||    25

Table legend: (Time is in decaauts)
 A = Elapsed time spent in this place.
 B = Non-inter-level travel time spent in this place.
 C = Inter-level travel time spent in this place.
 D = Time resting spent in this place.
 E = Time spent auto-exploring this place.
 F = Levels seen in this place.
 G = Mean time per level.
                   A        B        C        D        E       F      G
               +--------+--------+--------+--------+--------+-----+--------+
         Total |   1454 |   1386 |     68 |      0 |   1187 |   2 |  727.0 |
       Dungeon |   1454 |   1386 |     68 |      0 |   1187 |   2 |  727.0 |
               +--------+--------+--------+--------+--------+-----+--------+

Top non-repeatable levels by time:
     D:1: 972 daAuts
     D:2: 481 daAuts
